 Dungeon Crawl Stone Soup version 0.29-a0-817-g9904bce7a6 (webtiles) character file.

Game seed: 3338938880429523452

51 gobodom the Magician (level 3, -2/25 HPs)
             Began as a Demonspawn Hedge Wizard on July 5, 2022.
             Killed from afar by Natasha (8 damage)
             ... with a magic dart
             ... on level 2 of the Dungeon.
             The game lasted 00:06:05 (2192 turns).

gobodom the Magician (Demonspawn Hedge Wizard)      Turns: 2192, Time: 00:06:08

Health: -2/25      AC:  4    Str: 10    XL:     3   Next: 58%
Magic:  16/17      EV: 12    Int: 17    God:
Gold:   1229       SH:  9    Dex: 10    Spells: 8/9 levels left

rFire   . . .      SeeInvis .   a - +0 dagger (vorpal)
rCold   . . .      Faith    .   (no shield)
rNeg    . . .      Spirit   .   b - +0 robe
rPois   .          Reflect  +   c - +0 hat
rElec   .          Harm     .   g - +1 cloak
rCorr   .          Rampage  .   (no gloves)
Will    +....                   (no boots)
Stlth   ++........              e - amulet of reflection
HPRegen 0.08/turn               k - ring of willpower
MPRegen 0.30/turn               f - ring of magical power

@: very slightly contaminated, slowed, very slow
A: magic regeneration, condensation shield, clumsy 1
a: no special abilities


You were on level 2 of the Dungeon.
You visited 1 branch of the dungeon, and saw 2 of its levels.

You collected 1229 gold pieces.

Inventory:

Hand Weapons
 a - a +0 vorpal dagger (weapon)
Armour
 b - a +0 robe (worn)
 c - a +0 hat (worn)
 g - a +1 cloak (worn)
Jewellery
 e - an amulet of reflection (around neck)
 f - a ring of magical power (right hand)
 k - a ring of willpower (left hand)
Potions
 d - a potion of magic
 h - 2 potions of curing {unknown}


   Skills:
 + Level 0.8 Fighting
 + Level 0.1 Short Blades
 + Level 2.2 Dodging
 + Level 2.0 Stealth
 + Level 3.6 Spellcasting
 + Level 1.5 Conjurations
 + Level 1.0 Summonings
 + Level 0.8 Translocations


You had 8 spell levels left.
You knew the following spells:

 Your Spells              Type           Power      Damage    Failure   Level
a - Magic Dart            Conj           32%        1d4       9%          1

Your spell library contained the following spells:

 Spells                   Type           Power      Damage    Failure   Level
 Slow                     Hex            12%        N/A       16%         1
 Call Imp                 Summ           6%         N/A       16%         2
 Blink                    Tloc           12%        N/A       17%         2
 Conjure Flame            Conj/Fire      5%         6-21      34%         3
 Mephitic Cloud           Conj/Pois/Air  4%         N/A       36%         3


Dungeon Overview and Level Annotations

Branches:
Dungeon (2/15)

Altars:
Xom

Annotations:
D:2 Natasha


Innate Abilities, Weirdness & Mutations

You regenerate magic rapidly.
A meltable shield of frost defends you. (SH +4)
You are clumsy. (Dex -2)


Message History

You hit the worm.
You kill the worm!
h - 2 fuming ruby potions You open the door.
There is an open door here.
You hear Xom's avuncular chuckle.
Your body is suffused with distortional energy.
You feel clumsy.
Found a stone staircase leading down.
Natasha, Servant of Life and Death comes into view.
Natasha hisses angrily.
Natasha stares at you and mumbles some strange words.
You feel yourself slow down.
You miscast Magic Dart.
You are very lightly contaminated with residual magic.
Nothing appears to happen.
The magic dart hits Natasha but does no damage.
Natasha stares at you and mumbles some strange words.
The magic dart hits you. Natasha casts a spell at you. The magic dart hits you.
The magic dart hits Natasha.
Natasha is lightly wounded.
Natasha wildly gestures.
You feel disoriented. Natasha claws you!
* * * LOW HITPOINT WARNING * * *
You are too injured to fight recklessly!
You barely miss Natasha.
Natasha is lightly wounded.
You block Natasha's attack.
You hit Natasha.
Natasha is moderately wounded.
Natasha mumbles some strange words.
You feel troubled.
Natasha mumbles some strange words.
Natasha stares at you and mumbles some strange words.
The magic dart hits you!
You die...
Xom cackles wildly!

.# #.# .# #.#
.# #.# .#
##.#### '#
#.....# .#
##.##.# .#
#.##.# .#
#.##.# .#
#.##@# .#
#...>5h......
.#
#.....######.
.# #..#### .#
### .# '# .#
.#


You could see Natasha and a shadow imp (summoned).

Vanquished Creatures
  An adder (D:2)
  A worm (D:2)
  A dart slug (D:1)
  A ball python (D:1)
  2 endoplasms (D:1)
  3 giant cockroaches (D:1)
  A goblin (D:1)
  2 hobgoblins (D:1)
  9 jackals (D:1)
  2 quokkas (D:1)
  2 bats
  A frilled lizard (D:1)
  3 kobolds (D:1)
  3 rats
32 creatures vanquished.

Notes
Turn   | Place    | Note
-------+----------+-------------------------------------------
     0 | D:1      | gobodom the Demonspawn Hedge Wizard began the quest for the
                  | Orb.
     0 | D:1      | Reached XP level 1. HP: 13/13 MP: 4/4
   263 | D:1      | Gained mutation: A meltable shield of frost defends you.
                  | (SH +4) [demonic ancestry]
   263 | D:1      | Reached XP level 2. HP: 5/19 MP: 1/6
   845 | D:1      | Found a faded altar of an unknown god.
   855 | D:1      | Prayed at the altar of an unknown god.
   855 | D:1      | Became a worshipper of Xom of Chaos
  1004 | D:1      | XOM: silly message
  1197 | D:1      | XOM: silly message
  1344 | D:1      | XOM: silly message
  1400 | D:1      | Gained mutation: You regenerate magic rapidly. [demonic
                  | ancestry]
  1400 | D:1      | Reached XP level 3. HP: 25/25 MP: 1/8
  1700 | D:1      | Identified a scroll of acquirement
  1700 | D:1      | Acquired 1144 gold pieces
  1707 | D:1      | XOM: noise
  2110 | D:2      | Fell from the grace of Xom
  2178 | D:2      | XOM: give mutation
  2178 | D:2      | Gained mutation: You are clumsy. (Dex -2) [Xom's mischief]
  2187 | D:2      | Noticed Natasha
  2192 | D:2      | Killed from afar by Natasha

Illustrated notes

Levels and vault maps discovered:
D:1:      amcnicky_arrival_abandoned_market, layout_basic,
          basic_ecumenical_altar
D:2:      layout_loops_corners, serial_aquarium, aquarium_bridge_long_separate
          [aquarium_subvault_bridge, aquarium_subvault_wall,
          aquarium_subvault_window, aquarium_subvault_bridge,
          aquarium_subvault_window, aquarium_subvault_window],
          aquarium_bridge_island_small [aquarium_subvault_small_open,
          aquarium_subvault_wall, aquarium_subvault_wall,
          aquarium_subvault_bridge, aquarium_subvault_wall],
          aquarium_window_fake, aquarium_window_fake, aquarium_view_2c,
          aquarium_view_4, aquarium_pool_corner, uniq_crazy_yiuf_cottage,
          uniq_natasha

Skill      XL: |  1  2  3 |
---------------+----------+-----
Dodging        | 2 |  2.2
Stealth        | 2 |  2.0
Fighting       | |  0.8
Short Blades   | |  0.1
Spellcasting   | |  3.6
Conjurations   | |  1.5
Summonings     | |  1.0
Translocations | |  0.8

Action                   || total
-------------------------++-------
Melee: Dagger            ||    63
 Cast: Magic Dart        ||    81
Invok: Renounce Religion ||     1
  Use: Scroll            ||     4
       Potion            ||     1
Armor: Robe              ||    24
Dodge: Dodged            ||    52
Block: Other             ||    11

Table legend: (Time is in decaauts)
 A = Elapsed time spent in this place.
 B = Non-inter-level travel time spent in this place.
 C = Inter-level travel time spent in this place.
 D = Time resting spent in this place.
 E = Time spent auto-exploring this place.
 F = Levels seen in this place.
 G = Mean time per level.
                   A        B        C        D        E       F      G
               +--------+--------+--------+--------+--------+-----+--------+
         Total |   2192 |   2168 |     24 |    302 |   1585 |   2 | 1096.0 |
       Dungeon |   2192 |   2168 |     24 |    302 |   1585 |   2 | 1096.0 |
               +--------+--------+--------+--------+--------+-----+--------+

Top non-repeatable levels by time:
     D:1: 1754 daAuts
     D:2: 438 daAuts
